Map: Prion Terraces

Players

GRACE

  • Race: Protoss Protoss
  • League: Master

Wellmet - Winner!

  • Race: Terran Terran
  • League: Diamond

VOD

Have the link to the VOD?

Description

Time

  • Played on: Nov. 14, 2015, 10:53 p.m.
  • Length: 7:21
Show
View Real Time Build Order
Export as new Build Order

GRACE Protoss 

Build Orders: Zealot Archon, Dark Templar Rush 

Get SALT Encoding   

  12  0:01  Probe (Chrono Boost)  
  13  0:12  Probe (Chrono Boost)  
  14  0:22  Pylon  
  14  0:25  Probe (Chrono Boost)  
  15  0:35  Assimilator  
  15  0:42  Gateway  
  15  0:44  Probe (Chrono Boost)  
  16  0:51  Assimilator  
  16  0:55  Probe (Chrono Boost)  
  17  1:05  Probe (Chrono Boost)  
  18  1:13  Gateway  
  18  1:20  Probe (Chrono Boost)  
  19  1:29  Cybernetics Core  
  19  1:33  Probe (Chrono Boost)  
  20  1:44  Probe (Chrono Boost)  
  21  1:48  Pylon  
  21  1:54  Probe (Chrono Boost)  
  22  2:07  Mothership Core (Chrono Boost)  
  24  2:12  Adept  
  24  2:13  Adept  
  28  2:16  Warp Gate (Chrono Boost)  
  28  2:25  Pylon  
  28  2:30  Probe  
  29  2:40  Twilight Council  
  29  2:53  Robotics Facility  
  29  3:05  Gateway  
  29  3:20  Dark Shrine  
  29  3:27  Gateway  
  29  3:48  Warp Prism  
  27  4:12  Adept x3  
  31  4:20  Mothership Core  
  33  4:27  Adept  
  35  4:45  Dark Templar x2  
  39  4:57  Pylon  
  39  4:59  Pylon  
  39  5:18  Dark Templar x2  
  23  5:31  Nexus  
  22  5:56  Archon x2  
Show
View Real Time Build Order
Export as new Build Order

Wellmet Terran - Winner!

Build Orders: Command Center First (CC) 

Get SALT Encoding   

  12  0:01  SCV  
  13  0:13  SCV  
  14  0:17  Supply Depot  
  14  0:25  SCV  
  15  0:39  SCV  
  16  0:51  SCV  
  17  1:00  Command Center  
  17  1:03  SCV  
  18  1:15  Barracks  
  18  1:17  SCV  
  19  1:31  SCV  
  19  1:32  Barracks  
  20  1:44  SCV  
  21  2:03  Orbital Command  
  21  2:05  Marine  
  22  2:11  Barracks  
  22  2:17  Orbital Command  
  22  2:18  Bunker  
  22  2:20  Marine  
  23  2:24  Marine  
  23  2:28  SCV  
  25  2:38  Marine  
  25  2:40  SCV  
  25  2:41  Marine  
  25  2:44  SCV  
  29  2:49  Refinery  
  29  2:51  Supply Depot  
  29  2:52  SCV  
  29  2:56  Marine  
  29  2:58  Refinery, Marine  
  32  2:59  Marine  
  32  3:00  SCV  
  32  3:05  SCV  
  36  3:12  SCV  
  36  3:14  Marine  
  36  3:15  Marine  
  36  3:17  SCV, Marine  
  40  3:25  Supply Depot  
  40  3:27  SCV  
  41  3:32  Marine  
  41  3:33  Marine  
  42  3:36  SCV  
  42  3:41  SCV  
  42  3:48  SCV, Marine  
  38  3:49  Marine  
  38  3:53  SCV  
  40  4:00  SCV  
  41  4:05  SCV  
  41  4:09  Barracks Tech Lab x2  
  42  4:10  Barracks Reactor  
  42  4:13  SCV  
  42  4:14  Factory  
  42  4:17  SCV  
  42  4:24  Barracks  
  43  4:25  SCV  
  43  4:27  Supply Depot, Barracks  
  43  4:29  SCV  
  43  4:30  Marine  
  43  4:31  Marine  
  47  4:33  Refinery  
  47  4:38  SCV  
  47  4:41  SCV  
  46  4:48  Marine  
  46  4:50  Marine  
  46  4:51  Marine  
  42  5:02  Engineering Bay  
  42  5:03  Marine  
  43  5:08  Marine  
  40  5:16  Marine  
  40  5:24  SCV  
  40  5:25  Marine x2  
  42  5:29  Bunker  
  42  5:30  Marine  
  42  5:34  Missile Turret  
  42  5:38  Marine x2  
  31  6:03  Marine  
  31  6:04  Marine  
  31  6:23  Marine  
Tags
 
Add a new tag
Caveats
  • Supply blocks, unpowered buildings, or Contaminate may cause inaccurate times.
  • Supply counts are checked every 10 seconds.